 Dungeon Crawl Stone Soup version 0.22.1-2-g9c5b331383 (webtiles) character file.

1093 Jynx the Jinx (level 8, -6/36 HPs)
             Began as a Spriggan Enchanter on Dec 2, 2018.
             Was an Initiate of Ashenzari.
             Shot with an arrow by a centaur (9 damage)
             ... on level 6 of the Dungeon.
             The game lasted 00:15:17 (8018 turns).

Jynx the Jinx (Spriggan Enchanter)                  Turns: 8018, Time: 00:15:17

Health: -6/36      AC:  3    Str:  4    XL:     8   Next: 9%
Magic:  9/18       EV: 17    Int: 17    God:    Ashenzari [......]
Gold:   288        SH:  0    Dex: 18    Spells: 0/19 levels left

rFire    . . .     SeeInvis +   a - +1 dagger (curse)
rCold    . . .     Gourm    .   (shield restricted)
rNeg     . . .     Faith    .   b - +1 robe (curse)
rPois    .         Spirit   .   (helmet restricted)
rElec    .         Reflect  .   (no cloak)
rCorr    .         Harm     .   (gloves unavailable)
MR       +....                  (boots unavailable)
Stlth    +++.......             (no amulet)
HPRegen  0.12/turn              (no ring)
MPRegen  0.16/turn              (no ring)

@: starving, drained, very quick
A: very small, unfitting armour, see invisible, herbivore, speed 3, slow
metabolism 2
a: Curse Item, Renounce Religion


You were on level 6 of the Dungeon.
You worshipped Ashenzari.
Ashenzari was noncommittal.
You were starving.

You visited 2 branches of the dungeon, and saw 8 of its levels.

You collected 288 gold pieces.

Inventory:

Hand Weapons
 a - a cursed +1 dagger (weapon)
Armour
 b - a cursed +1 robe (worn)
Jewellery
 m - an uncursed amulet of harm
Wands
 o - a wand of flame (46)
 v - a wand of digging (14)
Scrolls
 h - 4 scrolls of identify
 i - a scroll of amnesia {unknown}
 j - 2 scrolls of teleportation
 p - a scroll of brand weapon {unknown}
 r - a scroll of random uselessness {unknown}
 s - a scroll of immolation {unknown}
 u - a scroll of magic mapping {unknown}
Potions
 c - a potion of brilliance
 e - a potion of agility {unknown}
 f - a potion of might {unknown}
 g - a potion of degeneration {unknown}
 k - 2 potions of haste {unknown}
 l - 2 potions of resistance {unknown}
 n - 2 potions of curing {unknown}
 q - a potion of magic {unknown}
 t - a potion of flight {unknown}
 w - a potion of lignification {unknown}
Comestibles
 d - 6 rations


   Skills:
 + Level 5.1(4.0) Short Blades
 - Level 3.0(1.9) Dodging
 - Level 4.4(3.2) Stealth
 + Level 6.2(5.0) Spellcasting
 + Level 0.2(0.0) Conjurations
 * Level 8.9(7.6) Hexes


You couldn't memorise any spells.
You knew the following spells:

 Your Spells              Type           Power        Failure   Level  Hunger
a - Corona                Hex            ####...      1%          1    None
b - Ensorcelled Hibernat  Hex/Ice        ###...       4%          2    #......
c - Confuse               Hex            ####....     1%          3    ###....
d - Tukima's Dance        Hex            ####....     1%          3    ###....
e - Dazzling Spray        Conj/Hex       ###...       9%          3    ###....
f - Orb of Destruction    Conj           #.........   100%        7    #######

Your spell library contained the following spells:

 Spells                   Type           Power        Failure   Level  Hunger
 Freeze                   Ice            #...         14%         1    None
 Throw Frost              Conj/Ice       #.....       22%         2    #......
 Ozocubu's Armour         Chrm/Ice       #.......     38%         3    ###....
 Summon Ice Beast         Ice/Summ       #.......     80%         4    ####...
 Throw Icicle             Conj/Ice       #.......     80%         4    ####...
 Bolt of Magma            Conj/Fire/Erth #.........   98%         5    ######.
 Iskenderun's Battlesphe  Conj/Chrm      #.......     98%         5    ######.
 Venom Bolt               Conj/Pois      #.........   98%         5    ######.
 Iron Shot                Conj/Erth      #.........   100%        6    #######
 Spellforged Servitor     Conj/Summ      #.........   100%        7    #######


Dungeon Overview and Level Annotations

Branches:
Dungeon (7/15)             Temple (1/1) D:5

Altars:
Ashenzari
Cheibriados
Elyvilon
Gozag
Hepliaklqana
Kikubaaqudgha
Makhleb
Nemelex Xobeh
Okawaru
Ru
Sif Muna
Trog
Uskayaw
Vehumet
Wu Jian
Xom
Yredelemnul
Zin
The Shining One

Annotations:
D:2 Natasha
D:5 2 runed doors
D:7 Menkaure


Innate Abilities, Weirdness & Mutations

You are very small and have problems with some larger weapons.
You are too small for most types of armour.
You have supernaturally acute eyesight. (SInv)
You are a herbivore.
You cover ground extremely quickly.
You need to consume almost no food.


Message History

The centaur shoots an arrow.
The arrow barely misses you.
Casting: Confuse (safe; 1% risk of failure)
Confirm with . or Enter, or press ? or * to list all spells.
Aiming: Confuse (safe; 1% risk of failure)
Press: ? - help, Shift-Dir - straight line, f/p - centaur
Aim: a centaur, wielding a shortbow (chance to defeat MR: 59%)
The centaur resists with significant effort.
The bullfrog barely misses you. The bullfrog hits you!
* * * LOW HITPOINT WARNING * * *
The centaur shoots an arrow.
The arrow completely misses you.
Casting: Confuse (safe; 1% risk of failure)
Confirm with . or Enter, or press ? or * to list all spells.
Aiming: Confuse (safe; 1% risk of failure)
Press: ? - help, Shift-Dir - straight line, f/p - centaur
Aim: a centaur, wielding a shortbow (chance to defeat MR: 59%)
The centaur resists with significant effort.
You are starving!
The bullfrog barely misses you.
The centaur shoots an arrow.
The arrow hits you!
You die...

###### ....###
#.....#
##.....####
#...F..cl..
#..@...# #(.$...#
#(###### #.# #.#
.#
##.######.#######
..
.................
.#
#####..<.........
.##.
##.##.####### ...


You could see a bullfrog, a centaur and an iguana.

Vanquished Creatures
  A troll (D:5)
  A sky beast (D:5)
  A phantom (D:4)
  A scorpion (D:4)
  A bullfrog zombie (D:5)
  A jelly (D:6)
  3 hounds
  3 orc wizards
  A centaur skeleton (D:5)
  An iguana (D:5)
  Natasha (twice) (D:2)
  2 worker ants
  A hound skeleton (D:5)
  3 adders
  3 oozes
  An adder zombie (D:5)
  7 worms
  4 leopard geckos
  11 orcs
  2 ball pythons
  3 giant cockroaches
  4 goblins
  10 hobgoblins
  9 jackals
  4 kobolds
  4 quokkas
  6 bats
  10 frilled lizards
  2 giant cockroach zombies (D:6)
  4 quokka skeletons
  10 rats
116 creatures vanquished.

Vanquished Creatures (collateral kills)
  Blork the orc (D:5)
  2 wights (D:6)
3 creatures vanquished.

Grand Total: 119 creatures vanquished

Notes
Turn   | Place    | Note
-------+----------+-------------------------------------------
     0 | D:1      | Jynx the Spriggan Enchanter began the quest for the Orb.
     0 | D:1      | Reached XP level 1. HP: 9/9 MP: 5/5
   214 | D:1      | Reached skill level 4 in Hexes
   219 | D:1      | Reached XP level 2. HP: 13/13 MP: 7/7
   332 | D:1      | Learned a level 2 spell: Ensorcelled Hibernation
  1275 | D:2      | Reached XP level 3. HP: 10/16 MP: 8/8
  1382 | D:2      | Learned a level 3 spell: Confuse
  1656 | D:2      | Found an ornate altar of the Wu Jian Council.
  1778 | D:2      | Noticed Natasha
  1785 | D:2      | Killed Natasha
  1785 | D:2      | Reached skill level 5 in Hexes
  1785 | D:2      | Reached XP level 4. HP: 12/21 MP: 0/10
  1810 | D:2      | Found a white marble altar of Elyvilon.
  2211 | D:2      | Noticed Natasha
  2221 | D:2      | Killed Natasha
  2269 | D:2      | Noticed Natasha
  3226 | D:2      | Learned a level 3 spell: Tukima's Dance
  3466 | D:3      | Reached XP level 5. HP: 22/24 MP: 6/11
  4007 | D:3      | Found a radiant altar of Vehumet.
  4262 | D:3      | Found a sparkling altar of Nemelex Xobeh.
  4459 | D:4      | You fall through a shaft for 3 floors!
  4459 | D:7      | Noticed an orc warrior
  4460 | D:7      | Noticed a sky beast
  4469 | D:7      | Noticed an ogre
  4475 | D:7      | Noticed Menkaure
  4484 | D:7      | Noticed an orc warrior
  4494 | D:7      | Reached skill level 6 in Hexes
  4502 | D:7      | Noticed a centaur
  4854 | D:6      | Found a hazy altar of Hepliaklqana.
  5154 | D:5      | Entered Level 5 of the Dungeon
  5259 | D:4      | Reached XP level 6. HP: 10/28 MP: 10/13
  5955 | D:4      | Found a deep blue altar of Sif Muna.
  6092 | D:4      | Reached skill level 7 in Hexes
  6308 | D:4      | Reached skill level 5 in Spellcasting
  6432 | D:5      | Found a staircase to the Ecumenical Temple.
  6440 | Temple   | Entered the Ecumenical Temple
  6447 | Temple   | Became a worshipper of Ashenzari the Shackled
  6459 | D:5      | Found an iron altar of Okawaru.
  6461 | D:5      | Found an opulent altar of Gozag.
  6462 | D:5      | Noticed Blork the orc
  6482 | D:5      | Killed Blork the orc
  6482 | D:5      | Reached XP level 7. HP: 32/32 MP: 9/15
  7010 | D:5      | Found a large runed door.
  7010 | D:5      | Found a large runed door.
  7122 | D:5      | Found a large runed door.
  7122 | D:5      | Found a large runed door.
  7219 | D:5      | Identified the +9 arbalest of Law {flame, Int+3}
  7419 | D:5      | Reached skill level 8 in Hexes
  7518 | D:5      | Found a hide-covered altar of Uskayaw.
  7586 | D:5      | Noticed a troll
  7636 | D:5      | Killed a troll
  7644 | D:5      | Reached skill level 5 in Short Blades
  7644 | D:5      | Reached XP level 8. HP: 28/36 MP: 9/18
  7713 | D:5      | Learned a level 3 spell: Dazzling Spray
  7721 | D:5      | Learned a level 7 spell: Orb of Destruction
  8018 | D:6      | Shot with an arrow by a centaur

Skill      XL: |  1  2  3  4  5  6  7 |
---------------+----------------------+-----
Hexes          | 4 5 6 7 8 |  8.9
Spellcasting   | 3 4 5 6 |  6.2
Short Blades   | 2 3 4 5 |  5.1
Dodging        | |  3.0
Stealth        | |  4.4
Conjurations   | |  0.2

Action                   |  1- 3 |  4- 6 |  7- 9 || total
-------------------------+-------+-------+-------++-------
Melee: Dagger            |   131 |   306 |   121 ||   558
 Cast: Ensorcelled Hiber |    14 |    27 |    11 ||    52
       Corona            |     2 |     2 |       ||     4
       Confuse           |     2 |    10 |     9 ||    21
       Tukima's Dance    |       |     9 |     2 ||    11
Invok: Curse Item        |       |     2 |       ||     2
  Use: Scroll            |     4 |     3 |       ||     7
 Stab: Sleeping          |    11 |    26 |    11 ||    48
       Confused          |       |     4 |     6 ||    10
       Distracted        |       |       |     1 ||     1
  Eat: Ration            |       |     3 |     1 ||     4
Armor: Robe              |    17 |    26 |    13 ||    56
Dodge: Dodged            |    96 |   246 |    61 ||   403
